 Dungeon Crawl Stone Soup version 0.19-a0-188-ga21aea4 (webtiles) character file.

836 epen the Changer (level 7, 0/52 HPs)
             Began as a Merfolk Transmuter on May 23, 2016.
             Was an Initiate of Sif Muna.
             Hit by a stone thrown by an orc (4 damage)
             ... on level 4 of the Dungeon.
             The game lasted 00:08:02 (5677 turns).

epen the Changer (Merfolk Transmuter)               Turns: 5677, Time: 00:08:03

Health: 0/52       AC:  3    Str:  9 (10) XL:     7   Next: 99%
Magic:  20/21      EV: 14    Int: 13 (15) God:    Sif Muna [......]
Gold:   149        SH:  0    Dex: 12 (14) Spells: 3 memorised, 6 levels left

rFire  . . .     SeeInvis .       - Unarmed
rCold  . . .     Gourm    .     b - +0 robe
rNeg   . . .     Faith    .     (no shield)
rPois  .         Spirit   .     (no helmet)
rElec  .         Dismiss  .     (no cloak)
rCorr  .         Reflect  .     (no gloves)
SustAt .         Harm     .     m - +0 pair of boots
MR     .....                    (no amulet)
Stlth  +.........               (no ring)
                                y - ring of magical power

@: not resistant to hostile enchantments, very unstealthy
A: change form in water, swift swim
a: Renounce Religion


You were on level 4 of the Dungeon.
You worshipped Sif Muna.
Sif Muna was noncommittal.
You were not hungry.

You visited 2 branches of the dungeon, and saw 5 of its levels.

You collected 149 gold pieces.

Inventory:

Missiles
 a - 66 arrows
 f - 2 throwing nets (quivered)
Armour
 b - a +0 robe (worn)
 m - a +0 pair of boots (worn)
Jewellery
 y - a ring of magical power (left hand)
Wands
 r - a wand of polymorph (4/24)
Scrolls
 e - 2 scrolls of enchant armour {unknown}
 g - 3 scrolls of identify {unknown}
 h - 5 scrolls of remove curse {unknown}
 j - 2 scrolls of teleportation {unknown}
 p - a scroll of random uselessness {unknown}
 q - a scroll of recharging {unknown}
 u - a scroll of immolation {unknown}
 w - a scroll of magic mapping {unknown}
Potions
 l - a potion of heal wounds {unknown}
 o - a potion of berserk rage {unknown}
 s - a potion of cure mutation {unknown}
 t - a potion of invisibility {unknown}
 v - a potion of degeneration
Books
 c - a book of Changes

   Spells                             Type                      Level
   a - Beastly Appendage              Transmutation                1
   b - Sticks to Snakes               Transmutation                2
   c - Spider Form                    Transmutation/Poison         3
   d - Ice Form                       Ice/Transmutation            4
   e - Blade Hands                    Transmutation                5
Comestibles
 d - 2 bread rations
 i - a royal jelly
 k - 2 meat rations
 n - 2 beef jerkies
 z - 9 chunks of flesh


   Skills:
 + Level 3.4 Fighting
 + Level 5.0 Dodging
 * Level 6.3 Unarmed Combat
 + Level 3.4 Spellcasting
 * Level 6.4 Transmutations


You had 6 spell levels left.
You knew the following spells:

 Your Spells              Type           Power        Failure   Level  Hunger
a - Beastly Appendage     Trmt           ###...       1%          1    #......
b - Sticks to Snakes      Trmt           ###.....     2%          2    ##.....
c - Spider Form           Trmt/Pois      ##........   17%         3    ###....


Dungeon Overview and Level Annotations

Branches:
Dungeon (4/15)             Temple (1/1) D:4

Altars:
Ashenzari
Cheibriados
Fedhas
Gozag
Kikubaaqudgha
Makhleb
Okawaru
Pakellas
Ru
Sif Muna
Trog
Xom
Zin
The Shining One


Message History

A jackal comes into view.
Drink which item? (? for menu, Esc to quit)
It was a potion of degeneration.
There was something very wrong with that liquid.
You feel weakened.
You feel dopey.
You feel clumsy.
The jackal barks!
Something closely misses you.
The orc throws a stone.
The stone hits you.
* * * LOW HITPOINT WARNING * * *
Unknown command.
Drink which item? (? for menu, Esc to quit)
It was a potion of cancellation.
Your magical effects are unravelling.
You feel magically purged.
Your transformation has ended.
Your +0 pair of boots unmelds from your body.
Your +0 robe unmelds from your body.
You feel less confused. Something hits you but does no damage.
The orc throws a stone.
The stone hits you.
You die...

#.# ##.## ##
##...## ..
#.....# .# #
##...##..
#.####.##.#.#
#....รท.(....#
######.##.###
##@## .. ##){(##
## ##.(...##
#.......# ###
#oh.......# ...
...'....<....'.
###
####.........##.
##.......## #
##.....##


You could see an orc and a jackal.

Vanquished Creatures
  Grinder (D:2)
  An ogre (D:4)
  A killer bee (D:4)
  A hound (D:4)
  4 orc priests
  A jelly (D:4)
  An iguana (D:4)
  3 orc wizards
  2 worker ants (D:4)
  Robin (D:2)
  An adder (D:2)
  4 gnolls
  2 worms
  2 dart slugs (D:1)
  6 giant geckos
  23 orcs
  12 goblins
  7 hobgoblins
  A jackal (D:4)
  8 kobolds
  3 quokkas
  2 ball pythons
  4 bats
  4 giant newts
  A quokka skeleton (D:4)
  8 rats
104 creatures vanquished.

Vanquished Creatures (collateral kills)
  2 orcs (D:2)
  A goblin (D:2)
  A kobold (D:2)
4 creatures vanquished.

Grand Total: 108 creatures vanquished

Notes
Turn   | Place    | Note
--------------------------------------------------------------
     0 | D:1      | epen the Merfolk Transmuter began the quest for the Orb.
     0 | D:1      | Reached XP level 1. HP: 15/15 MP: 3/3
   158 | D:1      | Reached XP level 2. HP: 21/21 MP: 5/5
   165 | D:1      | Learned a level 2 spell: Sticks to Snakes
   823 | D:2      | Reached XP level 3. HP: 14/26 MP: 0/6
  1080 | D:2      | Found a glowing golden altar of the Shining One.
  1088 | D:2      | Noticed Robin
  1161 | D:2      | HP: 1/26 [hobgoblin/club[Robin] (7)]
  1618 | D:2      | Learned a level 3 spell: Spider Form
  1619 | D:2      | Found an iron altar of Okawaru.
  1916 | D:2      | Killed Robin
  1916 | D:2      | Reached XP level 4. HP: 24/32 MP: 0/7
  2720 | D:3      | Noticed Grinder
  2875 | D:1      | Reached XP level 5. HP: 33/38 MP: 8/8
  2941 | D:2      | Paralysed by Grinder for 3 turns
  2951 | D:2      | Killed Grinder
  2951 | D:2      | Reached skill level 5 in Unarmed Combat
  2951 | D:2      | Reached skill level 5 in Transmutations
  2951 | D:2      | Reached XP level 6. HP: 18/46 MP: 6/10
  4201 | D:4      | Reached XP level 7. HP: 51/51 MP: 7/11
  4294 | D:4      | Found a staircase to the Ecumenical Temple.
  4588 | Temple   | Entered the Ecumenical Temple
  4884 | Temple   | Became a worshipper of Sif Muna the Loreminder
  5552 | D:4      | Found a blossoming altar of Fedhas.
  5643 | D:4      | Reached skill level 5 in Dodging
  5677 | D:4      | Hit by a stone thrown by an orc

Vault maps used:
D:1:      dpeg_arrival_tiny_i
D:2:      lemuel_crystal_altar, fountainhead, okawaru_altar_gauntlet_db,
          uniq_robin
D:3:      uniq_grinder
D:4:      old_standard_altar, marbit_many_paths, minmay_temple_entry_large_hall,
          first_bread, st_stairs_6
Temple:   zaba_magenta_temple_12

Skill      XL: |  1  2  3  4  5  6  7 |
---------------+----------------------+-----
Dodging        | 3 4 5 |  5.0
Transmutations | 3 4 5 6 |  6.4
Unarmed Combat | 4 5 6 |  6.3
Fighting       | 2 3 |  3.4
Spellcasting   | 3 |  3.4

Action                   |  1- 3 |  4- 6 |  7- 9 || total
-------------------------+-------+-------+-------++-------
Melee: Unarmed           |    96 |   168 |   105 ||   369
       Punch             |     1 |     3 |     1 ||     5
 Cast: Sticks to Snakes  |     7 |     1 |     6 ||    14
       Spider Form       |     1 |    11 |    10 ||    22
  Use: Potion            |       |       |     2 ||     2
 Stab: Distracted        |     1 |       |       ||     1
       Sleeping          |       |     1 |       ||     1
  Eat: Chunk             |     3 |     9 |     7 ||    19
Armor: Robe              |    13 |    17 |     9 ||    39
       Skin              |       |     4 |     4 ||     8
Dodge: Dodged            |    65 |   103 |    79 ||   247
